 Dungeon Crawl Stone Soup version 0.24-b1-44-g37ad8b309f (webtiles) character file.

Game seed: 12108193421501095602, levelgen mode: deterministic

2994 Emblim88 the Grappler (level 9, -14/89 HPs)
             Began as a Troll Monk on Oct 23, 2019.
             Was a High Priest of Wu Jian.
             Demolished by a hornet (16 damage)
             ... while paralysed by a hornet
             ... on level 7 of the Dungeon.
             The game lasted 00:11:53 (5219 turns).

Emblim88 the Grappler (Troll Monk)                  Turns: 5219, Time: 00:11:54

Health: -14/89     AC:  6    Str: 21 (23) XL:     9   Next: 54%
Magic:  19/19      EV:  1    Int:  3 (6)  God:    Wu Jian [*****.]
Gold:   537        SH:  0    Dex: 12 (13) Spells: 8/8 levels left

rFire    . . .     SeeInvis .     - Unarmed
rCold    + . .     Gourm    +   (no shield)
rNeg     . . .     Faith    .   a - +0 robe
rPois    .         Spirit   .   (helmet restricted)
rElec    .         Reflect  .   (no cloak)
rCorr    .         Harm     .   (gloves unavailable)
MR       .....                  (boots unavailable)
Stlth    ++........             (no amulet)
HPRegen  0.64/turn              k - ring of magical power
MPRegen  0.16/turn              u - ring of protection from cold

@: paralysed, lethally poisoned (-14 -> -15), slowed
A: large, unfitting armour, claws 3, fast metabolism 3, gourmand, regeneration
1, shaggy fur 1, tough skin 3
a: Wall Jump, Serpent's Lash, Heavenly Storm, Renounce Religion


You were on level 7 of the Dungeon.
You worshipped Wu Jian.
Wu Jian was extremely pleased with you.
You were hungry.

You visited 1 branch of the dungeon, and saw 7 of its levels.
You also visited: Ossuary.

You collected 537 gold pieces.

Inventory:

Missiles
 w - 8 boomerangs (quivered)
Armour
 a - a +0 robe (worn)
Magical Staves
 t - an uncursed staff of cold {unknown}
Jewellery
 k - a ring of magical power (left claw)
 u - a ring of protection from cold (right claw)
 H - an uncursed amulet of guardian spirit {unknown}
Wands
 p - a wand of random effects (29)
 r - a wand of enslavement (9)
Scrolls
 d - 4 scrolls of teleportation
 e - a scroll of summoning {unknown}
 g - 3 scrolls of remove curse
 i - 2 scrolls of enchant armour
 j - a scroll of magic mapping
 q - a scroll of fear
 y - 8 scrolls of random uselessness
 z - 4 scrolls of immolation
 A - 3 scrolls of amnesia
 D - a scroll of blinking
 F - a scroll of noise {unknown}
Potions
 c - a potion of haste {unknown}
 f - a potion of brilliance
 h - 3 potions of flight
 l - a potion of invisibility {unknown}
 m - a potion of mutation {unknown}
 n - 2 potions of might
 o - 8 potions of degeneration
 s - a potion of resistance
 v - a potion of curing
 x - a potion of agility {unknown}
 B - a potion of lignification {unknown}
 C - a potion of berserk rage
 G - a potion of cancellation {unknown}
Comestibles
 b - 11 rations


   Skills:
 + Level 5.6 Fighting
 + Level 5.6 Dodging
 - Level 1.0 Stealth
 * Level 9.2 Unarmed Combat
 + Level 3.8 Evocations


You had 8 spell levels left.
You didn't know any spells.
Your spell library contained the following spells:

 Spells                   Type           Power        Failure   Level  Hunger
 Animate Skeleton         Necr           N/A          52%         1    ##.....
 Pain                     Necr           #...         52%         1    ##.....
 Regeneration             Chrm/Necr      #.........   88%         3    ####...
 Vampiric Draining        Necr           #.........   88%         3    ####...
 Animate Dead             Necr           N/A          99%         4    #####..


Dungeon Overview and Level Annotations

Branches:
Dungeon (7/15)             Temple (0/1) D:6         Ossuary (visited)

Altars:
Cheibriados
Gozag
Hepliaklqana
Makhleb
Trog
Wu Jian
Yredelemnul

Shops:
D:6 %


Innate Abilities, Weirdness & Mutations

You are too large for most types of armour.
You have claws for hands.
Your metabolism is lightning-fast.
You like to eat raw meat.
Your natural rate of healing is unusually fast.
You are covered in fur. (AC +1)
You have extremely tough skin. (AC +3)


Message History

You are too injured to fight recklessly!
You are too injured to fight recklessly!
You are too injured to fight recklessly!
You are too injured to fight recklessly!
You are too injured to fight recklessly!
You closely miss the hornet. The hornet stings you.
You shrug off the repeated paralysis!
The hornet closely misses you.
You miss the hornet.
You feel sick. The hornet closely misses you. x2
You closely miss the hornet. The hornet stings you!
You feel as though you will be slow longer.
The hornet stings you!
* * * LOW HITPOINT WARNING * * *
You feel as though you will be slow longer.
You closely miss the hornet.
You feel sick. The hornet stings you!
* * * LOW HITPOINT WARNING * * *
You suddenly lose the ability to move!
The hornet stings you.
* * * LOW HITPOINT WARNING * * *
You shrug off the repeated paralysis!
The hornet stings you!
You die...

...#.....).............#..'......
##+#.....).............#######..#
.......##########'##.....#####..#
.......#.......)...'.....#<.#)..#
.......#..(....)...#.....'..#...#
.......#############.....#'####'#
##'###....############'#.........
.#...+....#......y#†...#.........
.'...#....#.....@.#....#.........
##..##....#..######....#.........
##..#.....#(.##..##....#.........
....#...†.#......#############...
....#.....#......#.....#.....#...
#####.....#..######....#.....+...
##....##'##..##..##....##....#...
.#....#..........##....##....##..
.#....#..........##....##.....#..


You could see a hornet.

Vanquished Creatures
  Joseph (D:7)
  Eustachio (D:6)
  Menkaure (D:4)
  Duvessa (D:4)
  2 sky beasts
  An orc warrior (D:5)
  2 ogres (D:4)
  2 bullfrogs
  4 elf skeletons (D:6)
  A gnoll sergeant (D:7)
  Dowan (D:4)
  2 scorpions
  3 crimson imps
  A bullfrog zombie (D:6)
  2 jellies
  An orc priest (D:3)
  3 human zombies (Ossuary)
  4 orc wizards
  2 bullfrog skeletons (D:7)
  5 hounds
  Terence (D:2)
  A human skeleton (D:6)
  An iguana (D:6)
  Ijyb (D:4)
  5 worker ants
  A killer bee zombie (D:6)
  2 big kobold zombies (Ossuary)
  A hound skeleton (D:4)
  5 mummies
  7 adders
  8 gnolls
  2 oozes
  2 worms
  An adder skeleton (D:5)
  2 leopard geckos (D:1)
  23 orcs
  6 giant cockroaches
  10 goblins
  7 hobgoblins
  8 jackals
  5 quokkas
  3 ball pythons
  5 bats
  5 frilled lizards
  A goblin zombie (Ossuary)
  A jackal zombie (D:7)
  9 kobolds
  A kobold zombie (Ossuary)
  An orc skeleton (D:6)
  An orc zombie (Ossuary)
  9 rats
175 creatures vanquished.

Vanquished Creatures (others)
  6 toadstools (D:1)
6 creatures vanquished.

Grand Total: 181 creatures vanquished

Notes
Turn   | Place    | Note
-------+----------+-------------------------------------------
     0 | D:1      | Emblim88 the Troll Monk began the quest for the Orb.
     0 | D:1      | Reached XP level 1. HP: 22/22 MP: 0/0
   215 | D:1      | Reached XP level 2. HP: 29/29 MP: 1/1
   419 | D:1      | Reached XP level 3. HP: 36/36 MP: 2/2
   831 | D:2      | Reached skill level 4 in Unarmed Combat
   914 | D:2      | Found an ornate altar of the Wu Jian Council.
   916 | D:2      | Found a hazy altar of Hepliaklqana.
   919 | D:2      | Found an opulent altar of Gozag.
   924 | D:2      | Reached XP level 4. HP: 44/44 MP: 3/3
   945 | D:2      | Became a worshipper of the Wu Jian Council
   945 | D:2      | Reached * piety under Wu Jian
   945 | D:2      | Reached ** piety under Wu Jian
   953 | D:2      | Noticed Terence
   977 | D:2      | Killed Terence
  1206 | D:2      | Found a burning altar of Makhleb.
  1522 | D:3      | Reached XP level 5. HP: 53/53 MP: 4/4
  1790 | D:3      | Reached skill level 5 in Unarmed Combat
  1997 | D:4      | Noticed an ogre
  2003 | D:4      | Killed an ogre
  2003 | D:4      | Reached XP level 6. HP: 61/61 MP: 5/5
  2033 | D:4      | Reached *** piety under Wu Jian
  2085 | D:4      | Noticed Menkaure
  2098 | D:4      | Killed Menkaure
  2181 | D:4      | Noticed Duvessa
  2184 | D:4      | Noticed Dowan
  2193 | D:4      | Killed Duvessa
  2193 | D:4      | Reached skill level 6 in Unarmed Combat
  2193 | D:4      | Reached skill level 1 in Evocations
  2193 | D:4      | Reached XP level 7. HP: 40/68 MP: 6/6
  2197 | D:4      | Killed Dowan
  2373 | D:4      | Noticed Ijyb
  2386 | D:4      | Killed Ijyb
  2473 | D:4      | You fall into a shaft and drop 1 floor!
  2473 | D:5      | Entered Level 5 of the Dungeon
  2535 | D:4      | Found a bloodstained altar of Trog.
  3025 | D:5      | Reached skill level 7 in Unarmed Combat
  3025 | D:5      | Reached XP level 8. HP: 38/79 MP: 8/8
  3395 | D:6      | Noticed Eustachio
  3408 | D:6      | Killed Eustachio
  3466 | D:6      | Found a staircase to the Ecumenical Temple.
  3529 | D:6      | Reached **** piety under Wu Jian
  3634 | D:6      | Reached skill level 8 in Unarmed Combat
  3642 | D:6      | Reached skill level 5 in Fighting
  3642 | D:6      | Reached skill level 5 in Dodging
  3706 | D:6      | Found a sand-covered staircase.
  3711 | Ossuary  | Entered an ossuary
  3933 | D:6      | Reached XP level 9. HP: 86/88 MP: 10/10
  4237 | D:6      | Found Silarphitom's Food Boutique.
  4525 | D:7      | Noticed Joseph
  4536 | D:7      | Killed Joseph
  4607 | D:7      | Reached skill level 9 in Unarmed Combat
  4652 | D:7      | Found a basalt altar of Yredelemnul.
  4828 | D:7      | Found a snail-covered altar of Cheibriados.
  5061 | D:7      | Reached ***** piety under Wu Jian
  5212 | D:7      | Paralysed by a hornet for 2 turns
  5218 | D:7      | Paralysed by a hornet for 2 turns
  5218 | D:7      | HP: 1/89 [hornet (5)]
  5219 | D:7      | Demolished by a hornet

Skill      XL: |  1  2  3  4  5  6  7  8  9 |
---------------+----------------------------+-----
Unarmed Combat | 4 5 6 7 8 9 |  9.2
Fighting       | 3 4 5 |  5.6
Dodging        | 3 4 5 |  5.6
Evocations     | 1 2 3 |  3.8
Stealth        | |  1.0

Action                   |  1- 3 |  4- 6 |  7- 9 || total
-------------------------+-------+-------+-------++-------
Melee: Unarmed           |   111 |   127 |   305 ||   543
       Punch             |     1 |     3 |    25 ||    29
Invok: Lunge             |       |     9 |    23 ||    32
       Whirlwind         |       |       |     2 ||     2
  Use: Scroll            |       |     3 |     7 ||    10
       Potion            |       |     1 |    11 ||    12
 Stab: Sleeping          |     1 |     4 |     6 ||    11
  Eat: Chunk             |    13 |     2 |     9 ||    24
       Ration            |       |     1 |     5 ||     6
Armor: Robe              |    49 |    34 |    76 ||   159
Dodge: Dodged            |    66 |    66 |   130 ||   262
